 Dungeon Crawl Stone Soup version 0.20.0-8-g6b59dc7 (webtiles) character file.

170 straycat the Sneak (level 5, 0/57 HPs)
             Began as a Vampire Wanderer on May 30, 2017.
             Slain by a goblin
             ... wielding a +0 dagger
             ... led by Robin
              (2 damage)
             ... on level 3 of the Dungeon.
             The game lasted 00:18:43 (3703 turns).

straycat the Sneak (Vampire Wanderer)               Turns: 3703, Time: 00:18:44

Health: 0/57       AC:  7    Str: 15    XL:     5   Next: 26%
Magic:  9/9        EV: 10    Int: 15    God:
Gold:   143        SH:  0    Dex: 15    Spells: 4/10 levels left

rFire    . . .     SeeInvis +   l - +0 trident (venom)
rCold    + . .     Gourm    .   (no shield)
rNeg     + + .     Faith    .   o - +0 ring mail
rPois    +         Spirit   .   v - +0 helmet (curse)
rElec    .         Reflect  .   j - +0 cloak
rCorr    .         Harm     .   (no gloves)
MR       .....                  (no boots)
Stlth    ..........             u - amulet of rage
Regen    0.1/turn               (no ring)
MPRegen  0.2/turn               (no ring)

@: berserking, regenerating slowly, heavily drained, very quick
A: fangs 3, see invisible, unbreathing
a: Bat Form, Evoke Berserk Rage


You were on level 3 of the Dungeon.
You were thirsty.

You visited 1 branch of the dungeon, and saw 3 of its levels.

You collected 143 gold pieces.

Inventory:

Hand Weapons
 e - a +0 dagger
 l - a +0 trident of venom (weapon)
 E - a +1 hand axe of electrocution
 G - a +0 hunting sling
Missiles
 n - 37 poisoned needles
 r - 74 stones (quivered)
 t - 19 arrows
 w - 36 bolts
 D - 9 tomahawks
Armour
 j - a +0 cloak (worn)
 o - a +0 ring mail (worn)
 v - a cursed +0 helmet (worn)
 H - a +0 helmet
Jewellery
 m - an uncursed amulet of harm
 u - an amulet of rage (around neck)
Wands
 x - a wand of flame (29/48)
Scrolls
 b - a scroll of amnesia {unknown}
 g - a scroll of magic mapping {unknown}
 i - 4 scrolls of identify {unknown}
 q - 3 scrolls of remove curse
 y - a scroll of immolation {unknown}
 C - a scroll of random uselessness {unknown}
 F - a scroll of fog {unknown}
Potions
 c - a potion of lignification
 f - 12 potions of blood
 h - 2 potions of flight {unknown}
 k - a potion of might {unknown}
 p - a potion of mutation {unknown}
 z - a potion of heal wounds {unknown}
 A - a potion of brilliance {unknown}
 B - a potion of invisibility {unknown}
Books
 a - a book of Minor Magic

   Spells                             Type                      Level
   a - Magic Dart                     Conjuration                  1
   b - Blink                          Translocation                2
   c - Call Imp                       Summoning                    2
   d - Slow                           Hexes                        2
   e - Conjure Flame                  Conjuration/Fire             3
   f - Mephitic Cloud                 Conjuration/Poison/Air       3


   Skills:
 * Level 2.0(0.0) Fighting
 * Level 2.9(0.6) Short Blades
   Level 1.0(0.0) Staves
 + Level 1.1(0.0) Armour
 * Level 2.3(0.0) Dodging
 + Level 4.4(2.0) Stealth
   Level 1.0(0.0) Shields
 - Level 3.0(0.6) Spellcasting
   Level 1.1(0.0) Charms
   Level 1.1(0.0) Transmutations


You had 4 spell levels left.
You knew the following spells:

 Your Spells              Type           Power        Failure   Level  Hunger
a - Magic Dart            Conj           #...         45%         1    ##.....
b - Slow                  Hex            #.......     61%         2    ###....
c - Mephitic Cloud        Conj/Pois/Air  #.......     83%         3    ####...


Dungeon Overview and Level Annotations

Branches:
Dungeon (3/15)

Altars:
Qazlal

Annotations:
D:3 Robin


Innate Abilities, Weirdness & Mutations

You heal slowly.
You have razor-sharp teeth.
You have supernaturally acute eyesight. (SInv)
You can survive without breathing.


Message History

Robin barely misses you. The goblin hits you but does no damage.
The goblin hits you with a dagger.
* * * LOW HITPOINT WARNING * * *
The goblin barely misses you.
You hit Robin.
Robin is poisoned.
Robin is moderately wounded.
The goblin no longer looks unusually strong. x2
Robin hits you but does no damage. The goblin hits you but does no damage.
You puncture the goblin!
You kill the goblin!
The goblin closely misses you. The goblin hits you with a club.
* * * LOW HITPOINT WARNING * * *
Robin hits you but does no damage.
You closely miss the goblin. The goblin misses you.
The goblin hits you with a club.
* * * LOW HITPOINT WARNING * * *
You barely miss the goblin.
The goblin no longer looks unusually strong.
Robin closely misses you. The goblin hits you with a dagger.
You die...

########
########)......#
(.)((gg@g##.##.#
(%.#####g#...#.#
.###.......####
.................
...###.......####
. #.......#
####.#...#.#
...........# ..
#######.####


You could see Robin and 3 goblins.

Vanquished Creatures
  A hound zombie (D:2)
  A howler monkey zombie (D:2)
  A gnoll (D:1)
  4 adders
  An ooze (D:3)
  An adder zombie (D:2)
  3 dart slugs
  4 leopard geckos
  An orc (D:3)
  14 bats
  A bat skeleton (D:2)
  3 giant cockroaches
  11 goblins
  7 hobgoblins
  7 jackals (D:2)
  5 kobolds
  A quokka (D:2)
  3 frilled lizards
  A giant cockroach zombie (D:2)
  A jackal zombie (D:2)
  A quokka zombie (D:2)
  5 rats
77 creatures vanquished.

Notes
Turn   | Place    | Note
-------+----------+-------------------------------------------
     0 | D:1      | straycat the Vampire Wanderer began the quest for the Orb.
     0 | D:1      | straycat set off with: a book of Minor Magic, a +0 quarterstaff, a potion of lignification, a +0 robe, a +0 dagger, a potion of blood
     0 | D:1      | Reached XP level 1. HP: 13/13 MP: 4/4
     2 | D:1      | Learned a level 1 spell: Magic Dart
   291 | D:1      | Reached XP level 2. HP: 3/20 MP: 0/6
   863 | D:1      | Reached skill level 1 in Fighting
   889 | D:1      | Reached skill level 1 in Short Blades
  1062 | D:1      | Reached XP level 3. HP: 22/26 MP: 0/7
  2300 | D:2      | Reached XP level 4. HP: 32/32 MP: 8/8
  2380 | D:2      | Learned a level 2 spell: Slow
  2384 | D:2      | Learned a level 3 spell: Mephitic Cloud
  2480 | D:2      | Reached skill level 4 in Stealth
  2553 | D:2      | Reached skill level 1 in Armour
  3138 | D:3      | Found a stormy altar of Qazlal.
  3264 | D:3      | Reached XP level 5. HP: 20/38 MP: 9/9
  3685 | D:3      | Noticed Robin
  3702 | D:3      | HP: 2/57 [goblin/club[Robin] (4)]
  3703 | D:3      | Slain by a goblin

Skill      XL: |  1  2  3  4  5 |
---------------+----------------+-----
Fighting       | 1 2 |  2.0
Short Blades   | 1 2 |  2.9
Dodging        | 2 |  2.3
Stealth        | 4 |  4.4
Armour         | 1 |  1.1
Staves         | |  1.0
Shields        | |  1.0
Spellcasting   | |  3.0
Charms         | |  1.1
Transmutations | |  1.1

Action                   |  1- 3 |  4- 6 || total
-------------------------+-------+-------++-------
Melee: Quarterstaff      |    77 |       ||    77
       Bite              |     7 |    11 ||    18
       Trident           |    24 |   119 ||   143
 Fire: Hunting sling     |       |    23 ||    23
 Cast: Magic Dart        |    51 |     1 ||    52
 Abil: Evoke Berserk Rag |       |     1 ||     1
  Use: Potion            |     2 |     6 ||     8
       Scroll            |     2 |       ||     2
 Stab: Sleeping          |     2 |     2 ||     4
  Eat: Corpse            |       |     1 ||     1
Armor: Robe              |    15 |       ||    15
       Ring mail         |    19 |    88 ||   107
Dodge: Dodged            |    74 |   116 ||   190
